PIO (24 & UNDER)
SALEM SLEDGEHAMMERS @ SEATTLE RAINIERS
05/22/2027
 
TOP OF THE 1ST
Salem Sledgehammers batting - Pitching for Seattle Rainiers : RHP Jeff Alexander
Pitching: RHP Jeff Alexander
Batting: RHB Luis Bustamante 0-0: Fly out, F9 (Flyball, 89S)
Batting: SHB Enrique Uribe 0-0: Swinging Strike
0-1: Ground out 6-3 (Groundball, 6)
Batting: LHB Nathan Frey 0-0: Foul Ball, location: 2F
0-1: Foul Ball, location: 2F
0-2: Ball
1-2: Ball
2-2: Ball
3-2: Ground out 3-1 (Groundball, 3S)
Top of the 1st over - 0 run(s), 0 hit(s), 0 error(s), 0 left on base; Salem 0 - Seattle 0
BOTTOM OF THE 1ST
Seattle Rainiers batting - Pitching for Salem Sledgehammers : RHP Isaac Pope
Pitching: RHP Isaac Pope
Batting: LHB Alarico Sloet tot Everlo 0-0: Ball
1-0: Called Strike
1-1: Called Strike
1-2: Strikes out swinging
Batting: RHB Jorge Colón 0-0: SINGLE (Groundball, 56S) (infield hit)
Batting: LHB Carlos Valentín Pickoff Throw to First - Out!
0-0: Fly out, F7 (Flyball, 78M)
Bottom of the 1st over - 0 run(s), 1 hit(s), 0 error(s), 0 left on base; Salem 0 - Seattle 0
TOP OF THE 2ND
Salem Sledgehammers batting - Pitching for Seattle Rainiers : RHP Jeff Alexander
Batting: SHB Júlio Salazar 0-0: Swinging Strike
0-1: Foul Ball, location: 2F
0-2: Foul Ball, location: 2F
0-2: Ground out 4-3 (Groundball, 4)
Batting: RHB Bobby Miller 0-0: Called Strike
0-1: Foul Ball, location: 2F
0-2: Strikes out swinging
Batting: RHB José García 0-0: Ball
1-0: Foul Ball, location: 2F
1-1: Ball
2-1: Foul Ball, location: 2F
2-2: Foul Ball, location: 2F
2-2: Ground out 6-3 (Groundball, 6)
Top of the 2nd over - 0 run(s), 0 hit(s), 0 error(s), 0 left on base; Salem 0 - Seattle 0
BOTTOM OF THE 2ND
Seattle Rainiers batting - Pitching for Salem Sledgehammers : RHP Isaac Pope
Batting: RHB John Hill 0-0: Foul Ball, location: 2F
0-1: Ball
1-1: Ball
2-1: Foul Ball, location: 2F
2-2: Ball
3-2: Foul Ball, location: 2F
3-2: Strikes out swinging
Batting: RHB Cipriano Baca 0-0: Ball
1-0: Foul Ball, location: 2F
1-1: Ground out 5-3 (Groundball, 5)
Batting: RHB Danny Spode 0-0: Called Strike
0-1: Called Strike
0-2: Ball
1-2: Strikes out looking
Bottom of the 2nd over - 0 run(s), 0 hit(s), 0 error(s), 0 left on base; Salem 0 - Seattle 0
TOP OF THE 3RD
Salem Sledgehammers batting - Pitching for Seattle Rainiers : RHP Jeff Alexander
Batting: RHB Gilberto Silva 0-0: Ball
1-0: Ball
2-0: Called Strike
2-1: Foul Ball, location: 2F
2-2: Ball
3-2: SINGLE (Line Drive, 5D)
Batting: LHB Caleb Hall 0-0: Ball
1-0: Ball
2-0: Ball
3-0: Called Strike
3-1: Swinging Strike
3-2: Foul Ball, location: 2F
3-2: Fly out, F8 (Flyball, 8RM)
Batting: RHB Lakota O'Reilly 0-0: Foul Ball, location: 2F
0-1: Ball
1-1: Ball
2-1: Swinging Strike
2-2: Strikes out swinging
Gilberto Silva is caught stealing 2nd base
Batter strikes out.
Top of the 3rd over - 0 run(s), 1 hit(s), 0 error(s), 0 left on base; Salem 0 - Seattle 0
BOTTOM OF THE 3RD
Seattle Rainiers batting - Pitching for Salem Sledgehammers : RHP Isaac Pope
Batting: SHB Claas van der Kuijl 0-0: Ball
1-0: Ball
2-0: Fly out, F7 (Flyball, 7S)
Batting: RHB José Romo 0-0: SOLO HOME RUN (Flyball, 7D), Distance : 391 ft
Batting: RHB Jorge Álvarez 0-0: Called Strike
0-1: Ball
1-1: Ball
2-1: Foul Ball, location: 2F
2-2: Strikes out swinging
Batting: LHB Alarico Sloet tot Everlo 0-0: Ball
1-0: Called Strike
1-1: Foul Ball, location: 2F
1-2: Ball
2-2: Strikes out looking
Bottom of the 3rd over - 1 run(s), 1 hit(s), 0 error(s), 0 left on base; Salem 0 - Seattle 1
TOP OF THE 4TH
Salem Sledgehammers batting - Pitching for Seattle Rainiers : RHP Jeff Alexander
Batting: RHB Luis Bustamante 0-0: Ground out 5-3 (Groundball, 5)
Batting: SHB Enrique Uribe 0-0: SINGLE (Groundball, 6MD)
Batting: LHB Nathan Frey 0-0: Fly out, F8 (Flyball, 8RM)
Batting: SHB Júlio Salazar 0-0: Called Strike
0-1: Ball
1-1: Called Strike
1-2: Ball
2-2: Ground out 6-3 (Groundball, 6D)
Top of the 4th over - 0 run(s), 1 hit(s), 0 error(s), 1 left on base; Salem 0 - Seattle 1
BOTTOM OF THE 4TH
Seattle Rainiers batting - Pitching for Salem Sledgehammers : RHP Isaac Pope
Batting: RHB Jorge Colón 0-0: Ball
1-0: Ball
2-0: Ball
3-0: Called Strike
3-1: Base on Balls
Batting: LHB Carlos Valentín 0-0: Called Strike
Jorge Colón steals 2nd base
0-1: Ball
1-1: SINGLE (Groundball, 3D)
Jorge Colón to third
Runner from 3rd tries for Home, SAFE, no throw
Batting: RHB John Hill 0-0: Swinging Strike
0-1: Foul Ball, location: 2F
0-2: Strikes out looking
Batting: RHB Cipriano Baca 0-0: Foul Ball, location: 2F
0-1: DOUBLE (Line Drive, 7LS)
Carlos Valentín to third
Batting: RHB Danny Spode 0-0: Ball
1-0: Ball
2-0: Ground out 1-3 (Groundball, 13S)
Batting: SHB Claas van der Kuijl 0-0: Ball
1-0: Called Strike
1-1: Called Strike
1-2: Ball
2-2: Foul Ball, location: 2F
2-2: Foul Ball, location: 2F
2-2: Foul Ball, location: 2F
2-2: Ground out 3-1 (Groundball, 34S)
Bottom of the 4th over - 1 run(s), 2 hit(s), 0 error(s), 2 left on base; Salem 0 - Seattle 2
TOP OF THE 5TH
Salem Sledgehammers batting - Pitching for Seattle Rainiers : RHP Jeff Alexander
Batting: RHB Bobby Miller 0-0: Called Strike
0-1: Ball
1-1: Swinging Strike
1-2: Foul Ball, location: 2F
1-2: Strikes out swinging
Batting: RHB José García 0-0: Called Strike
0-1: Ball
1-1: Swinging Strike
1-2: Ball
2-2: Ball
3-2: Strikes out swinging, 2-3 out at first.
Batting: RHB Gilberto Silva 0-0: Ground out U3 (Groundball, 34)
Top of the 5th over - 0 run(s), 0 hit(s), 0 error(s), 0 left on base; Salem 0 - Seattle 2
BOTTOM OF THE 5TH
Seattle Rainiers batting - Pitching for Salem Sledgehammers : RHP Isaac Pope
Batting: RHB José Romo 0-0: Ball
1-0: Called Strike
1-1: Foul Ball, location: 2F
1-2: Ground out 6-3 (Groundball, 6)
Now at SS: Gilberto Tovar
Batting: RHB Jorge Álvarez 0-0: Ball
1-0: Called Strike
1-1: SINGLE (Flyball, 8LS)
Batting: LHB Alarico Sloet tot Everlo 0-0: Called Strike
0-1: Ball
1-1: Ball
2-1: Reached on error, E7 (Flyball, 7)
Jorge Álvarez to second
Batting: RHB Jorge Colón 0-0: Fielders Choice at 2nd, 4-6 (Groundball, 4)
Jorge Álvarez to third
Batting: LHB Carlos Valentín 0-0: Foul Ball, location: 2F
0-1: Ball
1-1: Swinging Strike
1-2: Fielders Choice at 2nd, 4-6 (Groundball, 4)
Bottom of the 5th over - 0 run(s), 1 hit(s), 1 error(s), 1 left on base; Salem 0 - Seattle 2
TOP OF THE 6TH
Salem Sledgehammers batting - Pitching for Seattle Rainiers : RHP Jeff Alexander
Batting: LHB Caleb Hall 0-0: Called Strike
0-1: Ground out 3-1 (Groundball, 34S)
Batting: RHB Lakota O'Reilly 0-0: Foul Ball, location: 2F
0-1: Swinging Strike
0-2: Ball
1-2: SINGLE (Line Drive, 3D)
Batting: RHB Luis Bustamante 0-0: Called Strike
Lakota O'Reilly steals 2nd base
0-1: Foul Ball, location: 2F
0-2: Strikes out swinging
Batting: SHB Enrique Uribe 0-0: Ball
1-0: Called Strike
1-1: Foul Ball, location: 2F
1-2: Foul Ball, location: 2F
1-2: Ball
2-2: Foul Ball, location: 2F
2-2: Ball
3-2: Foul Ball, location: 2F
3-2: Foul Ball, location: 2F
3-2: Base on Balls
Batting: LHB Nathan Frey 0-0: Foul Ball, location: 2F
0-1: Ball
1-1: Foul Ball, location: 2F
1-2: Ball
2-2: Fly out, F5 (Popup, 5L)
Top of the 6th over - 0 run(s), 1 hit(s), 0 error(s), 2 left on base; Salem 0 - Seattle 2
BOTTOM OF THE 6TH
Seattle Rainiers batting - Pitching for Salem Sledgehammers : RHP Isaac Pope
Batting: RHB John Hill 0-0: Ball
1-0: Called Strike
1-1: Fly out, F1 (Line Drive, 13)
Batting: RHB Cipriano Baca 0-0: Called Strike
0-1: SINGLE (Flyball, 8RS)
Pitching: LHP Ken Johnston
Batting: RHB Danny Spode 0-0: Called Strike
Cipriano Baca steals 2nd base
0-1: Ball
1-1: Intentional Walk
Batting: SHB Claas van der Kuijl 0-0: Called Strike
0-1: Called Strike
0-2: Strikes out looking
Batting: RHB José Romo 0-0: Ball
1-0: Ball
2-0: Ball
3-0: Called Strike
3-1: Base on Balls
Cipriano Baca to third
Danny Spode to second
Batting: RHB Jorge Álvarez 0-0: Ball
1-0: Ball
2-0: Foul Ball, location: 2F
2-1: Ball
3-1: Base on Balls
Cipriano Baca scores
Danny Spode to third
José Romo to second
Batting: LHB Alarico Sloet tot Everlo 0-0: Fielders Choice at 2nd, 6-4 (Groundball, 6)
Bottom of the 6th over - 1 run(s), 1 hit(s), 0 error(s), 2 left on base; Salem 0 - Seattle 3
TOP OF THE 7TH
Salem Sledgehammers batting - Pitching for Seattle Rainiers : RHP Jeff Alexander
Batting: SHB Júlio Salazar 0-0: DOUBLE (Groundball, 3L)
Pitching: RHP Steve Benson
Batting: RHB Gilberto Tovar 0-0: Ball
1-0: Foul Ball, location: 2F
1-1: Ball
2-1: Swinging Strike
2-2: Strikes out looking
Batting: RHB José García 0-0: Ball
1-0: SINGLE (Groundball, 15) (infield hit)
Júlio Salazar to third
Batting: RHB Gilberto Silva 0-0: Ball
1-0: Fly out, F9 (Flyball, 9LSF)
Runner from 3rd tags up, SCORES, no throw
Batting: LHB Caleb Hall 0-0: Swinging Strike
0-1: Ball
1-1: Foul Ball, location: 2F
1-2: Foul Ball, location: 2F
1-2: Strikes out swinging
Top of the 7th over - 1 run(s), 2 hit(s), 0 error(s), 1 left on base; Salem 1 - Seattle 3
BOTTOM OF THE 7TH
Seattle Rainiers batting - Pitching for Salem Sledgehammers : LHP Ken Johnston
Batting: RHB Jorge Colón 0-0: Ball
1-0: Called Strike
1-1: Swinging Strike
1-2: Ball
2-2: Ball
3-2: Foul Ball, location: 2F
3-2: Foul Ball, location: 2F
3-2: SINGLE (Line Drive, 78S)
Batting: LHB Carlos Valentín 0-0: Swinging Strike
0-1: Called Strike
0-2: Strikes out looking
Batting: RHB John Hill 0-0: Ball
Jorge Colón is caught stealing 2nd base
1-0: Called Strike
1-1: Ball
2-1: SINGLE (Line Drive, 6MD)
Batting: RHB Cipriano Baca 0-0: Ball
1-0: Ball
2-0: Ball
3-0: Called Strike
3-1: Called Strike
3-2: Foul Ball, location: 2F
3-2: Strikes out swinging
Bottom of the 7th over - 0 run(s), 2 hit(s), 0 error(s), 1 left on base; Salem 1 - Seattle 3
TOP OF THE 8TH
Salem Sledgehammers batting - Pitching for Seattle Rainiers : RHP Steve Benson
Batting: RHB Lakota O'Reilly 0-0: Ball
1-0: Ball
2-0: Called Strike
2-1: Fly out, F9 (Flyball, 89D)
Batting: RHB Luis Bustamante 0-0: Ball
1-0: Ball
2-0: Ground out 5-3 (Groundball, 5)
Batting: SHB Enrique Uribe 0-0: Called Strike
0-1: Fly out, F4 (Popup, 3D)
Top of the 8th over - 0 run(s), 0 hit(s), 0 error(s), 0 left on base; Salem 1 - Seattle 3
BOTTOM OF THE 8TH
Seattle Rainiers batting - Pitching for Salem Sledgehammers : LHP Ken Johnston
Batting: RHB Danny Spode 0-0: Ball
1-0: Foul Ball, location: 2F
1-1: Ball
2-1: Foul Ball, location: 2F
2-2: Ball
3-2: Ground out 5-3 (Groundball, 25)
Batting: SHB Claas van der Kuijl 0-0: Called Strike
0-1: Swinging Strike
0-2: Strikes out looking
Batting: RHB José Romo 0-0: Ball
1-0: Ball
2-0: Ball
3-0: Called Strike
3-1: Foul Ball, location: 2F
3-2: Fly out, F8 (Flyball, 8LS)
Bottom of the 8th over - 0 run(s), 0 hit(s), 0 error(s), 0 left on base; Salem 1 - Seattle 3
TOP OF THE 9TH
Salem Sledgehammers batting - Pitching for Seattle Rainiers : RHP Steve Benson
Pitching: LHP William Gordon
Batting: LHB Nathan Frey 0-0: Ball
1-0: Foul Ball, location: 2F
1-1: Foul Ball, location: 2F
1-2: Foul Ball, location: 2F
1-2: Ball
2-2: Hit by Pitch
Batting: SHB Júlio Salazar 0-0: Swinging Strike
0-1: Ball
1-1: Swinging Strike
1-2: Ball
2-2: Strikes out swinging
Pinch Hitting: RHB Glenn Broadwater 0-0: Foul Ball, location: 2F
0-1: Swinging Strike
0-2: Strikes out looking
Batting: RHB José García 0-0: Ball
1-0: Foul Ball, location: 2F
1-1: Ground out 5-3 (Groundball, 56S)
Top of the 9th over - 0 run(s), 0 hit(s), 0 error(s), 1 left on base; Salem 1 - Seattle 3
Thursday, March 30th, 2017 - OOTP Baseball 17.12 Build 75